Map: Ulrena

Players

Glennan

  • Race: Zerg Zerg
  • League: Silver
  • Spawn Location: 7:00

zidar - Winner!

  • Race: Zerg Zerg
  • League: Silver
  • Spawn Location: 11:00

VOD

Have the link to the VOD?

Description

Time

  • Played on: Jan. 11, 2016, 9:58 a.m.
  • Length: 6:37
Show
View Real Time Build Order
Export as new Build Order

Glennan Zerg 

Build Orders: Hatch First 

Get SALT Encoding   

  12  0:01  Drone  
  13  0:12  Overlord  
  13  0:21  Drone  
  14  0:30  Drone x2  
  14  0:34  Drone  
  17  0:48  Drone  
  18  0:58  Hatchery  
  18  0:59  Drone  
  18  1:07  Extractor, Drone  
  18  1:18  Spawning Pool  
  18  1:21  Drone  
  19  1:29  Spawning Pool  
  18  1:32  Drone  
  18  1:39  Overlord  
  19  1:49  Drone  
  20  2:00  Overlord  
  20  2:16  Metabolic Boost  
  20  2:17  Queen  
  20  2:18  Queen  
  20  2:20  Zergling x4  
  26  2:29  Drone  
  27  2:31  Drone  
  27  2:36  Drone  
  29  2:38  Drone  
  29  2:43  Drone  
  31  2:44  Drone  
  32  2:53  Queen  
  32  2:54  Queen  
  36  3:22  Drone x3  
  36  3:23  Drone  
  36  3:24  Overlord  
  36  3:25  Overlord  
  40  3:27  Zergling x6  
  40  3:34  Spine Crawler  
  42  3:39  Overlord x2  
  35  3:51  Zergling x4  
  35  3:52  Zergling x6  
  36  3:59  Zergling x2  
  36  4:00  Zergling x2  
  31  4:09  Spine Crawler  
  30  4:10  Roach Warren  
  29  4:23  Baneling Nest, Drone x3  
  30  4:38  Drone x4  
  32  4:39  Drone  
  29  4:59  Zergling x2  
  29  5:00  Zergling x6  
  29  5:06  Baneling  
  29  5:07  Baneling x4  
  30  5:13  Zergling x4  
  30  5:14  Zergling x2  
  20  5:32  Drone x4  
  23  5:39  Baneling  
  22  5:47  Zergling x4  
  23  5:54  Baneling  
  23  6:02  Zergling x2  
  23  6:03  Zergling x4  
  24  6:13  Zergling x2  
  24  6:14  Zergling x2  
Show
View Real Time Build Order
Export as new Build Order

zidar Zerg - Winner!

Build Orders: Pool First 

Get SALT Encoding   

  12  0:01  Drone  
  13  0:12  Overlord  
  13  0:17  Drone  
  14  0:30  Drone x2  
  14  0:34  Drone  
  17  0:46  Spawning Pool  
  17  0:49  Drone  
  17  1:14  Hatchery  
  17  1:15  Drone  
  17  1:19  Extractor, Drone  
  17  1:23  Drone  
  18  1:33  Queen  
  20  1:48  Overlord  
  20  1:52  Overlord  
  20  1:53  Drone  
  21  2:06  Drone  
  22  2:17  Zergling x2  
  23  2:23  Zergling x2  
  24  2:38  Zergling x2  
  24  2:39  Zergling x4  
  24  2:44  Zergling x2  
  28  2:48  Zergling x4  
  28  2:49  Zergling x4  
  32  2:51  Metabolic Boost  
  32  3:02  Overlord  
  32  3:03  Overlord  
  30  3:45  Zergling x2  
  30  3:46  Zergling x14  
  36  4:26  Zergling x2  
  36  4:27  Zergling x12  
  43  4:41  Queen  
  44  4:55  Zergling x2  
  44  4:56  Zergling x6  
  42  5:51  Zergling x14  
Tags
 
Matchup
ZvZ
Race
Zerg
Spawn Locations
Close Positions
Add a new tag
Caveats
  • Supply blocks, unpowered buildings, or Contaminate may cause inaccurate times.
  • Supply counts are checked every 10 seconds.